Map: Sludge City

Players

твоямамаша

  • Race: Zerg Zerg
  • Spawn Location: 11:00

Pokemon

  • Race: Protoss Protoss
  • Spawn Location: 9:00

Gracz

  • Race: Terran Terran
  • Spawn Location: 5:00

bekiller

  • Race: Terran Terran
  • Spawn Location: 5:00

VOD

Have the link to the VOD?

Description

Time

  • Played on: April 29, 2016, 11:23 a.m.
  • Length: 6:59
Show
View Real Time Build Order
Export as new Build Order

твоямамаша Zerg 

Build Orders: Pool First 

Get SALT Encoding   

  12  0:21  Spawning Pool  
  12  0:25  Extractor  
  12  0:27  Extractor  
  9  0:28  Drone  
  9  0:32  Drone  
  11  0:38  Drone  
  12  0:44  Drone  
  13  0:51  Drone  
  14  1:12  Overlord  
  14  1:31  Drone x2  
  16  1:33  Lair  
  16  1:38  Drone  
  17  1:53  Drone  
  18  1:57  Drone  
  19  2:08  Drone  
  20  2:18  Drone  
  21  2:35  Spire  
  20  2:38  Drone x2  
  22  2:59  Hatchery  
  22  3:03  Overlord  
  21  3:11  Overlord  
  21  3:25  Queen  
  23  3:30  Drone  
  23  3:31  Drone  
  25  3:51  Mutalisk x2  
  29  4:02  Zergling x2  
  30  4:09  Spine Crawler  
  29  4:24  Overlord  
  29  4:25  Overlord  
  28  4:42  Spine Crawler  
  23  4:51  Mutalisk x4  
  31  4:58  Drone  
  32  5:05  Queen  
  34  5:14  Mutalisk  
  34  5:18  Mutalisk  
  38  5:42  Overlord  
  38  5:44  Hatchery  
  38  6:00  Mutalisk  
  38  6:01  Mutalisk x2  
Show
View Real Time Build Order
Export as new Build Order

Pokemon Protoss 

Build Orders: 1 Gate Expand, Dark Templar Rush 

Get SALT Encoding   

  12  0:02  Probe (Chrono Boost)  
  13  0:13  Pylon  
  13  0:19  Probe (Chrono Boost)  
  14  0:30  Probe (Chrono Boost)  
  15  0:35  Gateway  
  15  0:41  Probe (Chrono Boost)  
  16  0:48  Assimilator  
  16  1:20  Nexus  
  16  1:27  Cybernetics Core  
  16  1:33  Assimilator  
  16  1:35  Probe (Chrono Boost)  
  17  1:48  Gateway  
  17  2:04  Twilight Council  
  17  2:07  Probe (Chrono Boost)  
  18  2:16  Warp Gate (Chrono Boost)  
  18  2:17  Probe (Chrono Boost)  
  19  2:29  Probe  
  20  2:41  Dark Shrine  
  20  2:47  Dark Shrine  
  20  3:01  Probe  
  21  3:09  Assimilator  
  21  3:13  Probe  
  21  3:17  Pylon  
  22  3:25  Probe  
  23  3:28  Pylon  
  23  3:37  Probe  
  23  3:40  Probe  
  25  3:49  Probe  
  25  3:51  Probe  
  27  3:59  Dark Templar (Chrono Boost)  
  27  4:01  Probe  
  27  4:02  Dark Templar (Chrono Boost)  
  30  4:55  Nexus  
  30  5:08  Dark Templar x2  
  34  5:18  Probe  
  35  5:30  Probe  
  36  5:42  Probe  
  37  5:52  Dark Templar  
  39  6:07  Probe  
  40  6:38  Dark Templar x2  
Show
View Real Time Build Order
Export as new Build Order

Gracz Terran 

Build Orders:  

Get SALT Encoding   

  12  0:05  SCV  
  13  0:17  SCV  
  14  0:29  SCV  
  15  0:57  Supply Depot  
  15  0:58  Supply Depot  
  15  1:19  SCV  
  15  1:21  Barracks  
  15  1:24  Barracks  
  16  1:27  Barracks  
  16  2:14  Marine x3  
  19  2:32  Marine x3  
  22  2:49  Marine  
  22  2:50  Marine x2  
  25  3:07  Marine  
  25  3:08  Marine x2  
  28  3:25  Marine  
  28  3:26  Marine  
  17  4:55  Marine  
  17  4:56  Marine x2  
  19  5:11  Barracks  
  19  5:13  Marine  
  19  5:14  Barracks, Marine x2  
  20  5:16  Barracks  
  22  5:31  Marine  
  22  5:32  Marine x2  
  25  5:49  Marine x3  
  15  6:07  Marine x3  
Show
View Real Time Build Order
Export as new Build Order

bekiller Terran 

Build Orders:  

Get SALT Encoding   

  12  0:03  SCV  
  13  0:18  SCV  
  13  0:20  Supply Depot  
  14  0:36  SCV  
  14  0:39  Supply Depot  
  15  0:48  SCV  
  16  0:56  Barracks  
  16  1:00  SCV  
  17  1:13  SCV  
  18  1:20  Barracks  
  18  1:25  SCV  
  19  1:29  Refinery  
  19  1:34  Refinery  
  19  1:37  SCV  
  20  2:00  Barracks  
  20  2:01  SCV  
  21  2:13  Barracks Reactor  
  21  2:14  SCV  
  21  2:15  Marine  
  23  2:26  SCV  
  24  2:33  Marine  
  25  2:38  SCV  
  26  2:50  SCV  
  28  2:52  Bunker  
  28  2:53  Marine x2  
  29  2:58  Barracks Tech Lab  
  29  3:02  SCV  
  30  3:07  Engineering Bay  
  30  3:10  Factory  
  30  3:11  Marine  
  31  3:18  Barracks Reactor  
  31  3:23  Supply Depot  
  31  3:34  Supply Depot  
  31  3:44  Marine  
  31  3:45  SCV  
  33  3:51  Ghost Academy  
  33  3:57  Factory Tech Lab  
  33  3:58  Factory  
  33  4:02  Marine  
  33  4:07  Orbital Command  
  34  4:20  Marine  
  34  4:21  Starport  
  34  4:22  Marine x2  
  37  4:31  Siege Tank  
  40  4:42  Supply Depot  
  40  4:47  Factory Tech Lab  
  40  4:52  Nuke  
  40  5:08  Starport Reactor  
  40  5:10  Armory  
  40  5:19  Fusion Core  
  40  5:20  Marine x3  
  43  5:45  Medivac  
  45  5:58  Command Center  
  45  6:07  Siege Tank  
  30  6:41  Sensor Tower  
Tags
 
Add a new tag
Caveats
  • Supply blocks, unpowered buildings, or Contaminate may cause inaccurate times.
  • Supply counts are checked every 10 seconds.